 Dungeon Crawl Stone Soup version 0.32-a0-673-g3729bd5 (webtiles) character file.

Game seed: 18149681161380808425

220 Anonymous1 the Conjurer (level 5, 0/31 HPs)
             Began as an Octopode Conjurer on Mar 10, 2024.
             Was an Initiate of Vehumet.
             Slain by a scorpion (6 damage)
             ... on level 4 of the Dungeon.
             The game lasted 00:09:53 (4013 turns).

Anonymous1 the Conjurer (Octopode Conjurer)         Turns: 4013, Time: 00:09:54

Health: 0/31       AC:  1    Str:  6    XL:     5   Next: 97%
Magic:  2/10       EV: 13    Int: 22    God:    Vehumet [......]
Gold:   149        SH:  0    Dex: 14    Spells: 1/11 levels left

rFire   + . .        f - staff "Qyuj" {rF+ Dex+3 Fire}
rCold   . . .        (no shield)
rNeg    . . .        (helmet restricted)
rPois   .            (no amulet)
rElec   .            (no ring)
rCorr   .            (no ring)
SInv    .            (no ring)
Will    .....        (no ring)
Stlth   +++          (no ring)
HPRegen 0.25/turn    (no ring)
MPRegen 0.12/turn    (no ring)
                     (no ring)

%: no passive effects
@: no status effects
A: almost no armour, amphibious, 8 rings, camouflage 1, gelatinous body 1,
(nimble swimmer 1), tentacles
a: Renounce Religion


You were on level 4 of the Dungeon.
You worshipped Vehumet.
Vehumet was noncommittal.
You visited 1 branch of the dungeon, and saw 4 of its levels.

You collected 149 gold pieces.

Inventory:

Missiles
 i - 6 atropa-tipped darts (quivered)
Magical Staves
 f - the staff "Qyuj" (weapon) {rF+ Dex+3 Fire}
   (You found it on level 2 of the Dungeon)

   [staff of fire]

   Base accuracy: +5 Base damage: 5 Base attack delay: 1.2 This weapon's minimum
   attack delay (0.6) is reached at skill level 12.
   Dex+3:     It affects your dexterity (+3).
   rF+:       It protects you from fire.
   Fire:      It increases the power of your Fire spells.
   It falls into the 'Staves' category.
   It is a one-tentacled weapon.
Jewellery
 l - an amulet of guardian spirit
 m - an amulet of faith
Scrolls
 c - a scroll of immolation {unknown}
 d - a scroll of revelation
 k - a scroll of amnesia
 n - a scroll of acquirement {unknown}
Potions
 a - a potion of magic
 b - 4 potions of enlightenment
 e - a potion of might {unknown}
 g - 2 potions of attraction {unknown}
 h - a potion of resistance {unknown}
 j - 2 potions of curing


   Skills:
 - Level 2.0 Dodging
 - Level 2.6 Stealth
 + Level 3.5 Spellcasting
 + Level 5.7 Conjurations
 + Level 1.8 Air Magic


You had one spell level left.
You knew the following spells:

 Your Spells              Type           Power      Damage    Failure   Level
a - Shock                 Conj/Air       80%        1d8       2%          1
b - Searing Ray           Conj           58%        2d6       1%          2
c - Airstrike             Air            5%         2d(1-17)  50%         4
S - Swiftness             Air            11%        N/A       17%         3

Your spell library contained the following spells:

 Spells                   Type           Power      Damage    Failure   Level
 Magic Dart               Conj           100%       1d8       1%          1
 Slow                     Hex            12%        N/A       12%         1
 Confusing Touch          Hex            3%         N/A       34%         3
 Sigil of Binding         Hex            3%         N/A       34%         3
 Vampiric Draining        Necr           3%         2d6       34%         3
 Fulminant Prism          Conj/Alch      8%         3d7       34%         4
 Iskenderun's Mystic Bla  Conj/Tloc      16%        2d5       34%         4


Dungeon Overview and Level Annotations

Branches:
Dungeon (4/15)
 Temple: D:4-7

Altars:
Cheibriados
Dithmenos
Elyvilon
Fedhas
Hepliaklqana
Okawaru
Vehumet
The Shining One


Innate Abilities, Weirdness & Mutations

You cannot wear most types of armour.
You are amphibious.
You can wear up to eight rings at the same time.
Your skin changes colour to match your surroundings (Stealth+).
Your rubbery body absorbs attacks. (AC +1, EV +1)
((You are camouflaged when in or above water. (Stealth+)))
You have tentacles for arms and can constrict up to eight enemies at once.


Message History

The searing ray misses the scorpion.
The scorpion stings you.
The searing ray hits the scorpion.
The scorpion is moderately wounded.
The scorpion completely misses you. The scorpion stings you.
You are poisoned.
The scorpion poisons you!
The searing ray hits the scorpion.
The scorpion is severely wounded.
You finish channelling your searing ray.
You feel sick. The scorpion stings you.
You are lethally poisoned!
The scorpion poisons you!
You feel very sick. The scorpion stings you.
* * * LOW HITPOINT WARNING * * *
Casting: Searing Ray (safe; 1% risk of failure)
Confirm with . or Enter, or press ? or * to list all spells.
Aiming: Shock (safe; 2% risk of failure)
Press: ? - help, Shift-Dir - straight line, f/p - scorpion
Aim: a scorpion (severely wounded, 71% to hit)
The zap hits the scorpion but does no damage.
The scorpion is severely wounded.
* * * LOW HITPOINT WARNING * * *
You feel very sick. The scorpion stings you.
* * * LOW HITPOINT WARNING * * *
Casting: Shock (safe; 2% risk of failure)
Confirm with . or Enter, or press ? or * to list all spells.
Aiming: Shock (safe; 2% risk of failure)
Press: ? - help, Shift-Dir - straight line, f/p - scorpion
Aim: a scorpion (severely wounded, 71% to hit)
The zap hits the scorpion.
The scorpion is severely wounded.
* * * LOW HITPOINT WARNING * * *
You feel very sick. The scorpion misses you.
It was a potion of curing.
You feel better. The scorpion stings you.
* * * LOW HITPOINT WARNING * * *
The scorpion stings you.
You die...

....?###...#
#..##.....#....#
#..#............
.................
...............
#..##........#
###...........## ###
#........†..@..### ..#
#............s.....#
..###...........##..##.#
#.......))......# ..#
..#....)#<.....### ...
..##.#..##†............
..##.#).................
..#..).).....)..###.>.##
.......#.##.#....#


You could see a scorpion.

Vanquished Creatures
  Jessica (D:2)
  Robin (D:3)
  4 adders
  6 gnolls (D:3)
  3 ribbon worms
  2 orcs (D:3)
  A ball python (D:2)
  9 endoplasms
  4 giant cockroaches
  13 goblins
  9 hobgoblins
  4 kobolds
  2 quokkas (D:3)
  11 bats
  A frilled lizard (D:1)
  6 rats
77 creatures vanquished.

Notes
Turn   | Place    | Note
-------+----------+-------------------------------------------
     0 | D:1      | Anonymous1 the Octopode Conjurer began the quest for the
                  | Orb.
     0 | D:1      | Reached XP level 1. HP: 11/11 MP: 3/3
   302 | D:1      | Reached XP level 2. HP: 17/17 MP: 1/5
   348 | D:1      | Learned a level 2 spell: Searing Ray
   882 | D:1      | Learned a level 1 spell: Shock
  1053 | D:2      | Found the +0 toga "Victory" {*Victory Clar}
  1173 | D:2      | Reached XP level 3. HP: 16/21 MP: 2/6
  1217 | D:2      | Learned a level 3 spell: Swiftness
  1490 | D:2      | Reached skill level 5 in Conjurations
  1560 | D:2      | Identified the staff "Qyuj" {rF+ Dex+3 Fire}
  1667 | D:2      | Noticed Jessica
  1669 | D:2      | Killed Jessica
  1670 | D:2      | Reached XP level 4. HP: 27/27 MP: 3/8
  2606 | D:3      | Reached XP level 5. HP: 31/31 MP: 0/9
  2691 | D:3      | Reached skill level 1 in Air Magic
  3328 | D:3      | Found a white marble altar of Elyvilon.
  3328 | D:3      | Found a blossoming altar of Fedhas.
  3330 | D:3      | Found a snail-covered altar of Cheibriados.
  3335 | D:3      | Found a shadowy altar of Dithmenos.
  3338 | D:3      | Found an iron altar of Okawaru.
  3341 | D:3      | Found a radiant altar of Vehumet.
  3343 | D:3      | Found a hazy altar of Hepliaklqana.
  3346 | D:3      | Found a glowing golden altar of the Shining One.
  3349 | D:3      | Became a worshipper of Vehumet
  3819 | D:4      | Noticed Robin
  3830 | D:3      | Killed Robin
  3920 | D:3      | Learned a level 4 spell: Airstrike
  4012 | D:4      | HP: 1/31 [poisoned by a scorpion]
  4013 | D:4      | Slain by a scorpion

Illustrated notes

Levels and vault maps discovered:
D:1:      lemuel_arrival_rhombus, layout_basic
D:2:      minmay_chambers_of_twos, layout_loops_ring, uniq_jessica
D:3:      layout_loops_corners, nicolae_overflow_hallway_of_the_gods,
          minivault_26
D:4:      layout_cave_pools, uniq_robin

Skill      XL: |  1  2  3  4  5 |
---------------+----------------+-----
Conjurations   | 5 |  5.7
Spellcasting   | 3 |  3.5
Air Magic      | 1 |  1.8
Dodging        | |  2.0
Stealth        | |  2.6

Action                     |  1- 3 |  4- 6 || total
---------------------------+-------+-------++-------
  Melee: Unarmed           |     4 |       ||     4
         Tentacles         |     1 |       ||     1
         Staff             |       |     1 ||     1
   Cast: Magic Dart        |    18 |       ||    18
         Shock             |    23 |    88 ||   111
         Searing Ray       |     6 |     8 ||    14
    Use: Scroll            |     3 |     2 ||     5
         Potion            |       |     1 ||     1
 Armour: Skin              |     4 |    14 ||    18
  Dodge: Dodged            |     6 |    10 ||    16

Table legend: (Time is in decaauts)
 A = Elapsed time spent in this place.
 B = Non-inter-level travel time spent in this place.
 C = Inter-level travel time spent in this place.
 D = Time resting spent in this place.
 E = Time spent auto-exploring this place.
 F = Levels seen in this place.
 G = Mean time per level.
                   A        B        C        D        E       F      G
               +--------+--------+--------+--------+--------+-----+--------+
         Total |   4016 |   3920 |     96 |    793 |   2679 |   4 | 1004.0 |
       Dungeon |   4016 |   3920 |     96 |    793 |   2679 |   4 | 1004.0 |
               +--------+--------+--------+--------+--------+-----+--------+

Top non-repeatable levels by time:
     D:3: 1634 daAuts
     D:2: 1284 daAuts
     D:1: 1008 daAuts
     D:4: 89 daAuts
